 Dungeon Crawl Stone Soup version 0.31.0-11-ge490571c62 (webtiles) character file.

Game seed: 15053115751609547206

85 Curundu the Magician (level 4, 0/27 HPs)
             Began as an Octopode Hedge Wizard on Jan 31, 2024.
             Slain by a goblin
             ... wielding a +0 club
             ... led by Robin
              (2 damage)
             ... on level 3 of the Dungeon.
             The game lasted 00:11:17 (2804 turns).

Curundu the Magician (Octopode Hedge Wizard)        Turns: 2804, Time: 00:11:18

Health: 0/27       AC:  1    Str:  9    XL:     4   Next: 48%
Magic:  6/9        EV: 13    Int: 18    God:
Gold:   246        SH:  0    Dex: 11    Spells: 9/10 levels left

rFire   . . .        a - +0 dagger
rCold   . . .        (no shield)
rNeg    . . .        b - +0 hat
rPois   .            (no amulet)
rElec   .            (no ring)
rCorr   .            (no ring)
SInv    .            (no ring)
Will    .....        (no ring)
Stlth   +++          (no ring)
HPRegen 0.24/turn    (no ring)
MPRegen 0.11/turn    (no ring)
                     (no ring)

%: no passive effects
@: no status effects
A: almost no armour, amphibious, 8 rings, camouflage 1, gelatinous body 1,
(nimble swimmer 1), tentacles
a: no special abilities


You were on level 3 of the Dungeon.
You visited 1 branch of the dungeon, and saw 3 of its levels.

You collected 246 gold pieces.

Inventory:

Hand Weapons
 a - a +0 dagger (weapon)
Missiles
 j - a throwing net
Armour
 b - a +0 hat (worn)
Scrolls
 d - a scroll of poison {unknown}
 e - a scroll of teleportation {unknown}
 g - a scroll of revelation {unknown}
 h - a scroll of identify {unknown}
Potions
 c - a potion of magic
 f - a potion of ambrosia {unknown}
 i - a potion of berserk rage {unknown}


   Skills:
 + Level 1.2 Short Blades
 + Level 2.4 Dodging
 + Level 3.3 Stealth
 + Level 3.7 Spellcasting
 + Level 1.9 Conjurations
 + Level 1.4 Summonings
 + Level 1.0 Translocations


You had 9 spell levels left.
You knew the following spells:

 Your Spells              Type           Power      Damage    Failure   Level
a - Magic Dart            Conj           40%        1d5       7%          1

Your spell library contained the following spells:

 Spells                   Type           Power      Damage    Failure   Level
 Call Imp                 Summ           16%        N/A       13%         2
 Slow                     Hex            12%        N/A       16%         1
 Blink                    Tloc           14%        N/A       16%         2
 Cigotuvi's Dreadful Rot  Necr/Alch/Air  6%         N/A       22%         2
 Mephitic Cloud           Conj/Alch/Air  5%         N/A       34%         3


Dungeon Overview and Level Annotations

Branches:
Dungeon (3/15)

Altars:
Cheibriados
Ru

Annotations:
D:3 Robin


Innate Abilities, Weirdness & Mutations

You cannot wear most types of armour.
You are amphibious.
You can wear up to eight rings at the same time.
Your skin changes colour to match your surroundings (Stealth+).
Your rubbery body absorbs attacks. (AC +1, EV +1)
((You are camouflaged when in or above water. (Stealth+)))
You have tentacles for arms and can constrict up to eight enemies at once.


Message History

The hobgoblin is severely wounded.
You constrict the hobgoblin.
Robin hits you from afar with a +0 spear.
You hit the hobgoblin.
You kill the hobgoblin!
Robin closely misses you.
You hit the hobgoblin but do no damage. Your grab misses the hobgoblin.
You squeeze the hobgoblin, but do no damage.
The hobgoblin barely misses you. Robin closely misses you.
You hit the hobgoblin. You grab the hobgoblin.
The hobgoblin is moderately wounded.
You constrict the hobgoblin. The hobgoblin hits you! Robin misses you.
Casting: Magic Dart (safe; 8% risk of failure)
Confirm with . or Enter, or press ? or * to list all spells.
Aiming: Magic Dart (safe; 8% risk of failure)
Press: ? - help, Shift-Dir - straight line, f/p - hobgoblin
Aim: a hobgoblin (heavily wounded, constricted by you, strong, 100% to hit)
The magic dart hits the hobgoblin.
You kill the hobgoblin!
Robin throws the goblin at you! The goblin hits you with a +0 dagger.
You hit the goblin. You grab the goblin. You squeeze the goblin.
The goblin is heavily wounded.
You constrict the goblin. Robin barely misses you.
The goblin hits you with a +0 dagger.
* * * LOW HITPOINT WARNING * * *
The goblin closely misses you.
You hit the goblin.
You kill the goblin!
The goblin no longer looks unusually strong.
Robin roars a battlecry!
The goblin goes into a battle-frenzy!
Things that are here:
a +0 dagger; a goblin corpse The goblin attacks as it pursues you!
The goblin misses you.
The goblin no longer looks unusually strong. x2
Robin throws the goblin at you!
* * * LOW HITPOINT WARNING * * *
The goblin attacks as it pursues you! The goblin closely misses you.
The goblin hits you with a +0 club.
You die...

#.# #.# ###.##.##.# ##.##
######.#######.##.##.# ##...##
#............#.......#
#..#..###.###...####.####.####
#.###.....##.....# #.# #.#
#..#..#######...## #.# #.#
##...## ##.## #.####.# #####
#g# #......# #@# ######## #g#
#)# #g# ##†####### #..g.....#
#.)#####.# #..# #.#
#.g#####.#######


You could see Robin and 3 goblins.

Vanquished Creatures
  An adder (D:2)
  A dart slug (D:1)
  3 ribbon worms
  An orc (D:3)
  4 ball pythons
  An endoplasm (D:3)
  3 giant cockroaches
  7 goblins
  13 hobgoblins
  3 jackals (D:2)
  3 bats
  4 frilled lizards
  11 kobolds
  7 rats
62 creatures vanquished.

Notes
Turn   | Place    | Note
-------+----------+-------------------------------------------
     0 | D:1      | Curundu the Octopode Hedge Wizard began the quest for the
                  | Orb.
     0 | D:1      | Reached XP level 1. HP: 11/11 MP: 4/4
   274 | D:1      | Reached XP level 2. HP: 11/17 MP: 6/6
   954 | D:1      | Reached XP level 3. HP: 15/21 MP: 2/8
  1403 | D:2      | Reached skill level 1 in Short Blades
  1850 | D:2      | Found a snail-covered altar of Cheibriados.
  1872 | D:2      | Reached XP level 4. HP: 24/27 MP: 3/9
  2696 | D:3      | Found a sacrificial altar of Ru.
  2709 | D:3      | Noticed Robin
  2804 | D:3      | Slain by a goblin

Illustrated notes

Levels and vault maps discovered:
D:1:      roadster_arrival_rocket_large, layout_loops_cross,
          minmay_splitting_lines, lexackson_kobold_supper
D:2:      layout_loops_ring, basic_altar, kennysheep_cluttered_room,
          minmay_tromino_v4_b
D:3:      layout_loops_corners, mainiacjoe_overflow_alcove_4,
          ebering_ghost_inner_flame, nrook_loot_triangle, uniq_robin,
          uniq_sigmund

Skill      XL: |  1  2  3 |
---------------+----------+-----
Stealth        | 3 |  3.3
Short Blades   | 1 |  1.2
Dodging        | |  2.4
Spellcasting   | |  3.7
Conjurations   | |  1.9
Summonings     | |  1.4
Translocations | |  1.0

Action                     |  1- 3 |  4- 6 || total
---------------------------+-------+-------++-------
  Melee: Dagger            |    69 |    44 ||   113
         Constrict         |    23 |    11 ||    34
         Tentacles         |    15 |    10 ||    25
         Punch             |       |     1 ||     1
   Cast: Magic Dart        |    47 |    25 ||    72
   Stab: Sleeping          |       |     1 ||     1
 Armour: Skin              |    27 |    18 ||    45
  Dodge: Dodged            |    39 |    34 ||    73
